 Dungeon Crawl Stone Soup version 0.28-a0-1638-g9123634e07 (webtiles) character file.

Game seed: 8014613256394343086

691 croobank the Ducker (level 7, -2/75 HPs)
             Began as a Minotaur Fire Elementalist on Jan 25, 2022.
             Slain by a mummy (8 damage)
             ... in an ossuary.
             The game lasted 00:30:01 (5055 turns).

croobank the Ducker (Minotaur Fire Elementalist)    Turns: 5055, Time: 00:30:01

Health: -2/75      AC: 23    Str: 12    XL:     7   Next: 36%
Magic:  1/10       EV:  2    Int: 14    God:
Gold:   128        SH:  0    Dex: 11    Spells: 4/11 levels left

rFire   . . .      SeeInvis .   d - +0 dagger
rCold   + . .      Faith    .   (no shield)
rNeg    . . .      Spirit   .   (armour currently unavailable)
rPois   +          Reflect  .   (helmet currently unavailable)
rElec   .          Harm     .   (cloak currently unavailable)
rCorr   .          Rampage  .   (gloves currently unavailable)
Will    .....      NoTele   +   (boots currently unavailable)
Stlth   ++........              (no amulet)
HPRegen 0.22/turn               j - ring of protection from cold
MPRegen 0.12/turn               (no ring)

@: tree-form
A: stationary, stasis, torment immunity, boosted hp, (horns 2), (retaliatory
headbutt)
a: no special abilities


You were in an ossuary.
You were a tree.
You visited 1 branch of the dungeon, and saw 5 of its levels.
You also visited: Ossuary.

You collected 128 gold pieces.

Inventory:

Hand Weapons
 d - a +0 dagger (weapon)
 e - a +0 flail
 s - a +0 hand axe
Missiles
 c - 144 stones
 i - 17 sling bullets
 k - 9 poisoned darts
 p - 22 bolts
 q - 39 arrows
Armour
 a - a +0 robe (melded)
 l - a +0 ring mail
 t - a +2 leather armour of cold resistance
 u - a +0 scale mail
Magical Staves
 h - a staff of fire
Jewellery
 j - a ring of protection from cold (left branch)
Wands
 z - a wand of polymorph (14)
Scrolls
 b - 3 scrolls of immolation
 f - a scroll of teleportation
 n - a scroll of blinking
 w - a scroll of fog
 x - a scroll of magic mapping
Potions
 m - a potion of lignification
 v - a potion of ambrosia


   Skills:
 + Level 4.3 Dodging
 + Level 3.6 Stealth
 + Level 2.8 Spellcasting
 + Level 2.7 Conjurations
 + Level 3.4 Fire Magic


You had 4 spell levels left.
You knew the following spells:

 Your Spells              Type           Power      Damage    Failure   Level
a - Foxfire               Conj/Fire      40%        2x1d6     6%          1
b - Scorch                Fire           22%        2d6       8%          2
c - Flame Wave            Conj/Fire      10%        2d5       52%         4

Your spell library contained the following spells:

 Spells                   Type           Power      Damage    Failure   Level
 Conjure Flame            Conj/Fire      10%        6-21      19%         3
 Inner Flame              Hex/Fire       6%         N/A       32%         3
 Ozocubu's Armour         Ice            1%         N/A       54%         3
 Ozocubu's Refrigeration  Ice            0%         4d5       100%        7
 Chain Lightning          Conj/Air       2%         3d3       100%        9
 Fire Storm               Conj/Fire      5%         8d1       100%        9
 Shatter                  Erth           0%         3d5*      100%        9


Dungeon Overview and Level Annotations

Branches:
Dungeon (5/15)            Ossuary (1/1)
 Temple: D:4-7

Altars:

Portals:
Sewer: D:5

Annotations:
D:5 Prince Ribbit


Innate Abilities, Weirdness & Mutations

You are a tree.
Your roots penetrate the ground, keeping you stationary.
You cannot be teleported.
You are immune to unholy pain and torment.
Your maximum health is greatly increased.
Your equipment is partially melded.
((You have a pair of horns on your head.))
((You reflexively headbutt those who attack you in melee.))


Message History

The bullfrog zombie is severely damaged.
The bullfrog zombie hits you but does no damage.
You barely miss the bullfrog zombie.
The bullfrog zombie is severely damaged.
The bullfrog zombie hits you but does no damage.
The mummy hits you.
* * * LOW HITPOINT WARNING * * *
Okay, then.
As you read the scroll labelled QEROCV XIESTRE, it crumbles to dust.
You feel a surge of unholy energy.
It was a scroll of torment.
The bullfrog zombie hits you but does no damage. x2
The mummy hits you but does no damage.
Casting: Foxfire (safe; 6% risk of failure)
Confirm with . or Enter, or press ? or * to list all spells.
Okay, then.
You completely miss the bullfrog zombie.
The bullfrog zombie is severely damaged.
The bullfrog zombie hits you but does no damage.
You barely miss the bullfrog zombie.
The bullfrog zombie is severely damaged.
The bullfrog zombie hits you but does no damage.
The mummy barely misses you.
You hit the bullfrog zombie.
The bullfrog zombie is almost destroyed.
The bullfrog zombie hits you but does no damage. x2
You hit the bullfrog zombie.
The bullfrog zombie is almost destroyed.
The mummy hits you but does no damage.
The bullfrog zombie hits you but does no damage.
You hit the bullfrog zombie.
The bullfrog zombie is almost destroyed.
The bullfrog zombie hits you but does no damage.
The mummy hits you but does no damage.
You barely miss the bullfrog zombie.
The bullfrog zombie is almost destroyed.
The bullfrog zombie hits you but does no damage.
You hit the bullfrog zombie.
You destroy the bullfrog zombie!
The mummy hits you!
You die...

## #####
#..≈#.M♣#
#≈≈≈.∩.#
#...#..∩#
### #####


You could see a mummy.

Vanquished Creatures
  A water moccasin (D:4)
  A centaur (D:5)
  A centaur zombie (Ossuary)
  2 jellies (D:4)
  2 bullfrog zombies (Ossuary)
  A bullfrog skeleton (D:4)
  An orc priest (D:3)
  An iguana (D:4)
  Natasha (thrice) (D:3)
  A killer bee zombie (Ossuary)
  4 gnolls
  8 adders
  An adder skeleton (D:4)
  A dart slug (D:1)
  7 orcs
  12 ball pythons
  9 bats
  6 endoplasms
  2 giant cockroaches (D:4)
  10 hobgoblins
  A jackal (D:2)
  8 kobolds
  6 quokkas
  A frilled lizard (D:3)
  6 goblins
  3 rats
99 creatures vanquished.

Vanquished Creatures (others)
  168 foxfires
  3 withered plants (Ossuary)
171 creatures vanquished.

Grand Total: 270 creatures vanquished

Notes
Turn   | Place    | Note
-------+----------+-------------------------------------------
     0 | D:1      | croobank the Minotaur Fire Elementalist began the quest for
                  | the Orb.
     0 | D:1      | Reached XP level 1. HP: 14/14 MP: 1/1
   626 | D:1      | Found a faded altar of an unknown god.
   636 | D:1      | Reached XP level 2. HP: 20/20 MP: 1/3
   639 | D:1      | Learned a level 2 spell: Scorch
   748 | D:1      | Reached skill level 1 in Conjurations
  1125 | D:2      | Reached XP level 3. HP: 26/26 MP: 0/4
  1356 | D:2      | Reached XP level 4. HP: 26/33 MP: 0/5
  1592 | D:2      | Reached skill level 3 in Dodging
  2558 | D:3      | Noticed Natasha
  2572 | D:3      | Killed Natasha
  2573 | D:3      | Reached XP level 5. HP: 31/38 MP: 1/7
  3156 | D:3      | Noticed Natasha
  3163 | D:3      | Killed Natasha
  3427 | D:3      | Noticed Natasha
  3430 | D:3      | Killed Natasha
  3571 | D:4      | Noticed a water moccasin
  3586 | D:4      | Reached XP level 6. HP: 45/45 MP: 4/8
  3731 | D:4      | Learned a level 4 spell: Flame Wave
  3823 | D:4      | Killed a water moccasin
  4060 | D:4      | Reached skill level 4 in Dodging
  4572 | D:4      | Reached XP level 7. HP: 50/50 MP: 4/9
  4652 | D:5      | Entered Level 5 of the Dungeon
  4717 | D:5      | Found a glowing drain.
  4722 | D:5      | Noticed Prince Ribbit
  4987 | D:5      | Found a sand-covered staircase.
  4992 | Ossuary  | Entered an ossuary
  5055 | Ossuary  | Slain by a mummy

Illustrated notes

Levels and vault maps discovered:
D:1:      minmay_arrival_stone_box, layout_basic,
          hellmonk_ecumenical_altar_run_dry
D:2:      layout_rooms, kennysheep_another_room, minmay_heptomino_d4
D:3:      layout_basic, uniq_natasha
D:4:      layout_rooms
D:5:      layout_loops_corners, enter_ossuary_5, cheibrodos_sewer_entry_sluice,
          uniq_prince_ribbit1
Ossuary:  ossuary_zaba_flooded

Skill      XL: |  1  2  3  4  5  6 |
---------------+-------------------+-----
Conjurations   | 1 2 |  2.7
Stealth        | 2 3 |  3.6
Dodging        | 3 4 |  4.3
Spellcasting   | 2 |  2.8
Fire Magic     | 3 |  3.4

Action                   |  1- 3 |  4- 6 |  7- 9 || total
-------------------------+-------+-------+-------++-------
Melee: Dagger            |    12 |    16 |    21 ||    49
       Unarmed           |     7 |       |       ||     7
       Staff             |     8 |    31 |       ||    39
       Headbutt          |     1 |     7 |     3 ||    11
       Punch             |       |     1 |       ||     1
 Cast: Foxfire           |    28 |    57 |     9 ||    94
       Scorch            |     3 |    35 |    12 ||    50
  Use: Scroll            |     1 |     8 |     5 ||    14
       Potion            |       |     2 |     2 ||     4
 Stab: Sleeping          |       |     2 |       ||     2
Armor: Robe              |     4 |     7 |    10 ||    21
       Skin              |       |       |    29 ||    29
Dodge: Dodged            |    23 |    62 |    26 ||   111

Table legend: (Time is in decaauts)
 A = Elapsed time spent in this place.
 B = Non-inter-level travel time spent in this place.
 C = Inter-level travel time spent in this place.
 D = Time resting spent in this place.
 E = Time spent auto-exploring this place.
 F = Levels seen in this place.
 G = Mean time per level.
                   A        B        C        D        E       F      G
               +--------+--------+--------+--------+--------+-----+--------+
         Total |   5059 |   4943 |    116 |    874 |   2976 |   6 |  843.2 |
       Dungeon |   4997 |   4881 |    116 |    860 |   2966 |   5 |  999.4 |
       Ossuary |     62 |     62 |      0 |     14 |     10 |   1 |   62.0 |
               +--------+--------+--------+--------+--------+-----+--------+

Top non-repeatable levels by time:
     D:3: 1623 daAuts
     D:4: 1363 daAuts
     D:1: 1119 daAuts
     D:2: 734 daAuts
     D:5: 156 daAuts
 Ossuary: 62 daAuts
